 Dungeon Sprint DCSS version 0.17-a0-81-g781747f (webtiles) character file.

9635 BluebellGnoll the Alchemist (level 11, -4/93 HPs)
             Began as an Octopode Necromancer on Mar 15, 2015.
             Was the Champion of Vehumet.
             Killed by the air
             ... invoked by a spriggan air mage
              (24 damage)
             ... in the Dungeon (Sprint V: "Ziggurat Sprint").
             The game lasted 00:25:50 (872 turns).

BluebellGnoll the Alchemist (Octopode Necromancer)   Turns: 872, Time: 00:25:51

Health: -4/93      AC: 12    Str: 27    XL:     11   Next: 49%
Magic:  30/30      EV: 13    Int: 31    God:    Vehumet [******]
Gold:   0          SH:  0    Dex: 25    Spells: 9 memorised, 5 levels left

rFire  . . .     SeeInvis .     u - melded +6 Majin-Bo {vamp, Archmagi MP+6 Int+6}
rCold  . . .     Clarity  +     (shield currently unavailable)
rNeg   . . .     SustAb   .     (helmet currently unavailable)
rPois  +         Gourm    .     Q - amulet of clarity
rElec  .         Spirit   .     m - +6 ring of dexterity
rCorr  .         Warding  .     n - +6 ring of dexterity
rMut   .         NoTele   +     o - +6 ring of intelligence
MR     .....                    p - +6 ring of intelligence
Stlth  ++........               q - +6 ring of strength
                                r - +6 ring of strength
                                (no ring)
                                (no ring)

@: short of breath, hydra-form, repel missiles, not resistant to hostile
enchantments, unstealthy
A: almost no armour, amphibious, 8 rings, (constrict 8), (tentacle spike 0),
(camouflage 0), breathe flames 1, dopey 1, frail 1, (gelatinous body 0), no
device heal 1
a: End Transformation, Renounce Religion, Breathe Fire


You were in the Dungeon.
You worshipped Vehumet.
Vehumet was exalted by your worship.
You were not hungry.
You were a 12-headed hydra.
You visited 1 branch

Inventory:

Hand weapons
 u - the +6 Majin-Bo (melded) {vamp, Archmagi MP+6 Int+6}
   (You found it in the Dungeon)

   It inflicts no extra harm, but heals its wielder somewhat when it strikes a
   living foe.
   It affects your intelligence (+6).
   It affects your magic capacity (+6).
Magical staves
 s - an uncursed staff of energy
Jewellery
 m - a +6 ring of dexterity (left foreclaw)
 n - a +6 ring of dexterity (right foreclaw)
 o - a +6 ring of intelligence (on tentacle)
 p - a +6 ring of intelligence (on tentacle)
 q - a +6 ring of strength (on tentacle)
 r - a +6 ring of strength (on tentacle)
 Q - an amulet of clarity (around neck)
 V - an uncursed ring of positive energy
 X - the ring of Crauv {Fire rElec Dex+5 Slay-3}
   (You found it in the Dungeon)

   [ring of fire]

   It enhances your fire magic, and weakens your ice magic.
   It affects your dexterity (+5).
   It affects your accuracy and damage with ranged weapons and melee attacks
   (-3).
   It protects you from fire.
   It makes you vulnerable to cold.
   It insulates you from electricity.
 Y - an uncursed ring of ice
Magical devices
 a - a wand of disintegration (7)
 j - a wand of fire (3)
 k - a wand of cold (5)
 l - a wand of draining (0)
Scrolls
 i - 3 scrolls of blinking
 x - 4 scrolls of amnesia
 y - 3 scrolls of recharging
 z - 7 scrolls of fog
 A - a scroll of holy word
 B - 5 scrolls of identify
 C - 5 scrolls of remove curse
 D - 2 scrolls of fear
Potions
 d - 10 potions of curing
 e - 10 potions of heal wounds
 f - 4 potions of haste
 g - 7 potions of magic
 h - 2 potions of berserk rage
 E - a potion of brilliance
 F - 2 potions of invisibility
 G - 2 potions of restore abilities
 H - 4 potions of resistance
 J - 5 potions of agility
 K - 5 potions of might
Books
 b - a book of Necromancy

   Spells                             Type                      Level
   a - Pain                           Necromancy                   1
   b - Animate Skeleton               Necromancy                   1
   c - Vampiric Draining              Necromancy                   3
   d - Regeneration                   Charms/Necromancy            3
   e - Animate Dead                   Necromancy                   4
   f - Control Undead                 Necromancy                   4
 I - The Grimoire of Greatest Risks and Utility
   (You found it in the Dungeon)

   Spells                             Type                      Level
   a - Discord                        Hexes                        8
 W - a book of Maledictions

   Spells                             Type                      Level
   a - Corona                         Hexes                        1
   b - Sure Blade                     Hexes/Charms                 2
   c - Ensorcelled Hibernation        Hexes/Ice                    2
   d - Confuse                        Hexes                        3
   e - Dazzling Spray                 Conjuration/Hexes            3
   f - Enslavement                    Hexes                        4
 Z - a book of Geomancy

   Spells                             Type                      Level
   a - Sandblast                      Earth                        1
   b - Stoneskin                      Transmutation/Earth          2
   c - Passwall                       Transmutation/Earth          3
   d - Stone Arrow                    Conjuration/Earth            3
   e - Petrify                        Transmutation/Earth          4
   f - Lee's Rapid Deconstruction     Earth                        5
Miscellaneous
 t - a crystal ball of energy
 L - a legendary deck of changes {drawn: 3}
 N - a lantern of shadows
 O - a disc of storms
 R - a lamp of fire
 S - a sack of spiders
 U - a stone of tremors
Comestibles
 c - 5 bread rations
 v - 40 fruits
 w - 4 meat rations


   Skills:
 - Level 9.0 Fighting
 - Level 8.9 Staves
 - Level 6.1 Dodging
 - Level 2.6 Stealth
 + Level 11.0 Spellcasting
 * Level 3.9 Hexes
 - Level 9.2 Necromancy
 - Level 18.2 Transmutations


You had 5 spell levels left.
You knew the following spells:

 Your Spells              Type           Power        Failure   Level  Hunger
a - Pain                  Necr           ####         1%          1    None
b - Vampiric Draining     Necr           ######....   1%          3    None
c - Shroud of Golubria    Chrm/Tloc      ###.......   6%          2    None
d - Regeneration          Chrm/Necr      #####.....   1%          3    None
e - Control Undead        Necr           ######....   1%          4    None
f - Hydra Form            Trmt           #######...   1%          6    #####..
g - Mephitic Cloud        Conj/Pois/Air  ###.....     3%          3    None
h - Repel Missiles        Chrm/Air       ###...       6%          2    None
i - Dazzling Spray        Conj/Hex       ####....     1%          3    None


Dungeon Overview and Level Annotations

Branches:
Dungeon (1/1)

Altars:
Ashenzari
Cheibriados
Dithmenos
Elyvilon
Fedhas
Gozag
Kikubaaqudgha
Makhleb
Nemelex Xobeh
Okawaru
Qazlal
Ru
Sif Muna
Trog
Vehumet
Xom
Yredelemnul
Zin
The Shining One
Beogh
Jiyva
Lugonu


Innate Abilities, Weirdness & Mutations

You cannot wear most types of armour.
You are amphibious.
You can wear up to eight rings at the same time.
((You can use your tentacles to constrict many enemies at once.))
((Your skin changes colour to match your surroundings (Stealth).))
((Your rubbery body absorbs attacks (AC +1).))
((One of your tentacles bears a spike.))
You can breathe flames.
You are dopey. (Int -2)
You are frail (-10% HP).
Potions and wands are less effective at restoring your health.


Message History

You chomp the insubstantial wisp!!!!
You destroy the insubstantial wisp!
Your Spellcasting skill increases to level 11!
You nip at the insubstantial wisp.
The insubstantial wisp is moderately damaged.
The spriggan air mage hits you but does no damage.
The insubstantial wisp completely misses you.
Unknown command.
You miss the spriggan air mage.
The spriggan air mage is almost dead.
You gouge the insubstantial wisp!!!
You destroy the insubstantial wisp!
The spriggan air mage waves its arms in wide circles.
The air twists around and strikes you!
* * * LOW HITPOINT WARNING * * *
You closely miss the spriggan air mage.
The spriggan air mage is almost dead.
The spriggan air mage waves its arms in wide circles.
The air twists around and strikes you!
You die...

▓▓▓▓▓▓▓▓▓▓▓▓▓▓▓▓▓▓▓
.8©8...▓...8©8...▓
.})=})..▓.."))))..▓
..|[:=)..▓...[)})..▓
▓.........▓..)...)..▓
▓.........▓..)......▓
▓.........▓...).....▓
▓......i..▓.........▓
▓......D..▓.▓.....▓.▓
▓.▓.....▓.▓.........▓
▓.........▓▓▓▓▓▓▓▓▓▓▓
▓▓▓▓▓▓▓▓▓▓▓


You could see a spriggan air mage.

Vanquished Creatures
  A pandemonium lord (D)
  A deep elf summoner (D)
  2 black mambas (D)
  2 fire drakes (D)
  A queen bee (shapeshifter) (D)
  A deep elf priest (D)
  A redback (D)
  A spriggan (D)
  A ynoxinul (D)
  A golden eye (D)
  4 deep elf fighters (D)
  An air elemental (D)
  2 steam dragons (D)
  A naga (D)
  2 water moccasins (D)
  A mottled dragon (D)
  8 insubstantial wisps (D)
  2 hell hounds (D)
  A wolf (D)
  A water moccasin (shapeshifter) (D)
  A swamp drake (D)
  2 black bears (D)
  A brain worm (shapeshifter) (D)
  3 crimson imps (D)
  2 iron imps (D)
  2 jellies (D)
  A quasit (D)
  A hell rat (D)
  4 adders (D)
  3 shadow imps (D)
  2 white imps (D)
  An ufetubus (D)
  An adder skeleton (D)
  An ooze (D)
  3 ball pythons (D)
  2 fungi (D)
65 creatures vanquished.

Vanquished Creatures (others)
  A spatial maelstrom (D)
1 creature vanquished.

Grand Total: 66 creatures vanquished

Notes
Turn   | Place    | Note
--------------------------------------------------------------
     0 | D        | BluebellGnoll, the Octopode Necromancer, began the quest for the Orb.
     0 | D        | Reached XP level 1. HP: 11/11 MP: 3/3
     0 | D        | Found a viscous altar of Jiyva.
     0 | D        | Found a corrupted altar of Lugonu.
     0 | D        | Found a white marble altar of Elyvilon.
     0 | D        | Banished a spatial maelstrom
     2 | D        | Found a sparkling altar of Nemelex Xobeh.
     2 | D        | Found a burning altar of Makhleb.
     3 | D        | Found a deep blue altar of Sif Muna.
     3 | D        | Found a bloodstained altar of Trog.
     6 | D        | Found an iron altar of Okawaru.
    22 | D        | Found a radiant altar of Vehumet.
    25 | D        | Found a basalt altar of Yredelemnul.
    26 | D        | Found a shimmering altar of Xom.
    41 | D        | Reached skill level 7 in Fighting
    41 | D        | Reached XP level 2. HP: 14/27 MP: 3/4
    48 | D        | Became a worshipper of Vehumet
   187 | D        | Entered arena 1.
   187 | D        | Noticed a soldier ant
   187 | D        | Noticed an ogre
   189 | D        | Noticed a brain worm
   189 | D        | an ogre changed into a brain worm
   190 | D        | Noticed a water moccasin
   190 | D        | a soldier ant changed into a water moccasin
   191 | D        | Killed a brain worm
   191 | D        | Reached XP level 3. HP: 32/32 MP: 8/8
   191 | D        | Reached XP level 4. HP: 38/38 MP: 9/9
   193 | D        | Killed a water moccasin
   193 | D        | Reached skill level 9 in Necromancy
   193 | D        | Reached XP level 5. HP: 40/43 MP: 10/13
   205 | D        | Gained mutation: Potions and wands are less effective at restoring your health. [mutagenic meat]
   206 | D        | Gained mutation: You are dopey. (Int -2) [mutagenic meat]
   207 | D        | Gained mutation: You can breathe flames. [mutagenic meat]
   208 | D        | Gained mutation: One of your tentacles bears a spike. [mutagenic meat]
   209 | D        | Gained mutation: You are frail (-10% HP). [mutagenic meat]
   215 | D        | Learned a level 3 spell: Regeneration
   219 | D        | Learned a level 3 spell: Vampiric Draining
   224 | D        | Learned a level 4 spell: Control Undead
   249 | D        | Entered arena 2.
   249 | D        | Noticed a crimson imp
   251 | D        | Acquired Vehumet's first power
   251 | D        | Offered knowledge of Sting by Vehumet.
   255 | D        | Killed a crimson imp
   255 | D        | Reached skill level 5 in Spellcasting
   255 | D        | Reached XP level 6. HP: 41/44 MP: 17/17
   260 | D        | Identified The Grimoire of Greatest Risks and Utility (You found it in the Dungeon)
   276 | D        | Entered arena 3.
   276 | D        | Noticed a black bear
   276 | D        | Noticed a wolf
   276 | D        | Noticed a spriggan
   276 | D        | Noticed a black bear
   279 | D        | Killed a black bear
   280 | D        | Killed a spriggan
   280 | D        | Reached XP level 7. HP: 48/48 MP: 23/23
   282 | D        | Killed a black bear
   285 | D        | Killed a wolf
   308 | D        | Entered arena 4.
   308 | D        | Noticed a jelly
   308 | D        | Noticed a jelly
   308 | D        | Noticed a golden eye
   309 | D        | Killed a golden eye
   309 | D        | Acquired Vehumet's second power
   309 | D        | Killed a jelly
   309 | D        | Reached XP level 8. HP: 52/54 MP: 24/24
   315 | D        | Killed a jelly
   330 | D        | Entered arena 5.
   330 | D        | Noticed a naga
   330 | D        | Noticed a water moccasin
   333 | D        | Killed a water moccasin
   333 | D        | Acquired Vehumet's third power
   339 | D        | Killed a naga
   349 | D        | Got the cursed ring of Lugonu's Reproof {-Tele Str+8 Dex-5}
   354 | D        | Identified Witchcraft in Simple Steps (You found it in the Dungeon)
   361 | D        | Learned a level 2 spell: Shroud of Golubria
   373 | D        | Learned a level 6 spell: Hydra Form
   375 | D        | Entered arena 6.
   375 | D        | Noticed a fire drake
   375 | D        | Noticed a fire drake
   375 | D        | Noticed a swamp drake
   375 | D        | Noticed a steam dragon
   375 | D        | Noticed a mottled dragon
   375 | D        | Noticed a steam dragon
   380 | D        | Drew Focus: Int increased to 20, Str decreased to 6
   384 | D        | Killed a mottled dragon
   386 | D        | Killed a swamp drake
   390 | D        | Killed a fire drake
   391 | D        | Killed a fire drake
   391 | D        | Reached XP level 9. HP: 61/61 MP: 25/25
   394 | D        | Killed a steam dragon
   399 | D        | Killed a steam dragon
   407 | D        | Got the amulet "Ilitugeo" {Spirit rN+++ MP-9 Int+4 Dex-4}
   421 | D        | Entered arena 7.
   421 | D        | Noticed a hell hound
   421 | D        | Noticed a crimson imp
   421 | D        | Noticed a hell hound
   423 | D        | Killed a hell hound
   423 | D        | Offered knowledge of Flame Tongue by Vehumet.
   423 | D        | Reached skill level 10 in Transmutations
   425 | D        | Killed a hell hound
   427 | D        | Killed a crimson imp
   427 | D        | Reached skill level 11 in Transmutations
   442 | D        | Entered arena 8.
   442 | D        | Noticed a black mamba
   442 | D        | Noticed a water moccasin
   442 | D        | Noticed a black mamba
   449 | D        | Killed a black mamba
   449 | D        | Reached skill level 12 in Transmutations
   450 | D        | Killed a black mamba
   454 | D        | Killed a water moccasin
   454 | D        | Reached skill level 13 in Transmutations
   468 | D        | Entered arena 9.
   468 | D        | Noticed a crimson imp
   468 | D        | Noticed a quasit
   468 | D        | Noticed Creysyff the pandemonium lord
   468 | D        | Noticed an iron imp
   468 | D        | Noticed a ynoxinul
   468 | D        | Noticed an iron imp
   473 | D        | Killed a quasit
   475 | D        | Killed an iron imp
   477 | D        | Killed an iron imp
   477 | D        | Killed a crimson imp
   477 | D        | Reached XP level 10. HP: 53/66 MP: 26/26
   477 | D        | Killed a ynoxinul
   479 | D        | Killed Creysyff the pandemonium lord
   479 | D        | Reached skill level 18 in Transmutations
   479 | D        | Reached XP level 11. HP: 27/72 MP: 27/27
   491 | D        | Learned a level 3 spell: Mephitic Cloud
   494 | D        | Learned a level 2 spell: Repel Missiles
   516 | D        | Got the ring of Crauv {Fire rElec Dex+5 Slay-3}
   728 | D        | Entered arena 10.
   728 | D        | Noticed a komodo dragon
   728 | D        | Noticed a deep elf fighter
   728 | D        | Noticed a deep elf fighter
   728 | D        | Noticed a deep elf fighter
   728 | D        | Noticed a deep elf summoner
   728 | D        | Noticed a deep elf priest
   728 | D        | Noticed a deep elf fighter
   729 | D        | a komodo dragon changed into an octopode
   734 | D        | Killed a deep elf priest
   734 | D        | Offered knowledge of Static Discharge by Vehumet.
   737 | D        | Killed a deep elf summoner
   737 | D        | Killed a deep elf fighter
   742 | D        | Killed a deep elf fighter
   742 | D        | Reached skill level 10 in Spellcasting
   746 | D        | Killed a deep elf fighter
   757 | D        | Killed a deep elf fighter
   838 | D        | Learned a level 3 spell: Dazzling Spray
   860 | D        | Entered arena 11.
   860 | D        | Noticed an insubstantial wisp
   860 | D        | Noticed an insubstantial wisp
   860 | D        | Noticed an insubstantial wisp
   860 | D        | Noticed an insubstantial wisp
   860 | D        | Noticed an insubstantial wisp
   860 | D        | Noticed an insubstantial wisp
   860 | D        | Noticed an insubstantial wisp
   860 | D        | Noticed a spriggan air mage
   861 | D        | Noticed an air elemental
   861 | D        | Noticed an insubstantial wisp
   865 | D        | Killed an air elemental
   865 | D        | Reached skill level 1 in Hexes
   866 | D        | Killed an insubstantial wisp
   866 | D        | Killed an insubstantial wisp
   867 | D        | Killed an insubstantial wisp
   868 | D        | Killed an insubstantial wisp
   869 | D        | Killed an insubstantial wisp
   869 | D        | Killed an insubstantial wisp
   870 | D        | Killed an insubstantial wisp
   871 | D        | Killed an insubstantial wisp
   872 | D        | Killed from afar by a spriggan air mage

Action                   |  1- 3 |  4- 6 |  7- 9 | 10-12 || total
-------------------------+-------+-------+-------+-------++-------
Melee: Quarterstaff      |       |     6 |    28 |       ||    34
       Unarmed           |       |       |    21 |    23 ||    44
 Cast: Pain              |       |     3 |     9 |       ||    12
       Regeneration      |       |     2 |     4 |     2 ||     8
       Shroud of Golubri |       |       |     2 |     2 ||     4
       Hydra Form        |       |       |     1 |     2 ||     3
       Mephitic Cloud    |       |       |       |     2 ||     2
       Repel Missiles    |       |       |       |     1 ||     1
 Abil: Breathe Fire      |       |       |     4 |     1 ||     5
Evoke: Wand              |     3 |     3 |     1 |       ||     7
       Deck              |       |       |     3 |       ||     3
       Lamp of fire      |       |       |     1 |       ||     1
  Use: Potion            |     1 |       |     4 |       ||     5
       Scroll            |       |       |     1 |       ||     1
 Stab: Fleeing           |       |       |     1 |       ||     1
       Confused          |       |       |       |     2 ||     2
  Eat: Fruit             |     2 |       |       |       ||     2
       Chunk             |       |     6 |     2 |       ||     8
